 Dungeon Crawl Stone Soup version 0.30.1-3-gfc49f6343a (webtiles) character file.

Game seed: 2282725695974267424

7 Bronimir the Conjurer (level 2, -1/5 (17) HPs)
             Began as a Gargoyle Reaver on July 29, 2023.
             Frozen to death by an endoplasm (4 damage)
             ... on level 1 of the Dungeon.
             The game lasted 00:01:22 (1059 turns).

Bronimir the Conjurer (Gargoyle Reaver)             Turns: 1059, Time: 00:01:23

HP:   -1/5 (17)     AC:  5    Str: 15    XL:     2   Next: 0%
MP:   4/5           EV: 11    Int: 13    God:
Gold: 27            SH:  0    Dex:  8    Spells: 4/5 levels left

rFire   . . .        a - +0 mace
rCold   . . .        (no shield)
rNeg    + . .        b - +0 leather armour
rPois   ∞            (no helmet)
rElec   +            (no cloak)
rCorr   .            (no gloves)
SInv    .            (no boots)
Will    .....        (no amulet)
Stlth   +            (no ring)
HPRegen 0.20/turn    (no ring)
MPRegen 0.09/turn

%: no passive effects
@: extremely drained
A: sickness immunity, AC +2, negative energy resistance 1, electricity
resistance, torment resistance 1, petrification resistance
a: no special abilities


You were on level 1 of the Dungeon.
You visited 1 branch of the dungeon, and saw 1 of its levels.

You collected 27 gold pieces.

Inventory:

Hand Weapons
 a - a +0 mace (weapon)
Armour
 b - a +0 leather armour (worn)
Scrolls
 c - a scroll of enchant armour {unknown}
 d - a scroll of fog {unknown}
 f - a scroll of acquirement {unknown}
 g - a scroll of amnesia {unknown}
 h - a scroll of poison {unknown}
Potions
 e - a potion of flight {unknown}


   Skills:
 + Level 2.1 Fighting
 * Level 3.0 Maces & Flails
 + Level 1.6 Dodging
 + Level 2.0 Spellcasting
 + Level 3.7 Conjurations


You had 4 spell levels left.
You knew the following spells:

 Your Spells              Type           Power      Damage    Failure   Level
a - Kiss of Death         Conj/Necr      24%        2d7       14%         1

Your spell library contained the following spells:

 Spells                   Type           Power      Damage    Failure   Level
 Momentum Strike          Conj/Tloc      12%        3d8       22%         2
 Hailstorm                Conj/Ice       6%         3d4       41%         3


Dungeon Overview and Level Annotations

Branches:
Dungeon (1/15)

Altars:


Innate Abilities, Weirdness & Mutations

You are immune to sickness and miasma.
Your stone body is resilient. (AC +2)
You are immune to poison.
You resist negative energy. (rN+)
You are resistant to electric shocks. (rElec)
You are resistant to unholy torment.
You are immune to petrification.


Message History

You sock the bat!
You kill the bat!
You have reached level 2!
You now have 27 gold pieces (gained 15).
An endoplasm comes into view.
An endoplasm is nearby!
An endoplasm is nearby!
An endoplasm comes into view.
Found 5 stones.
You see here a scroll labelled OLOL HYSINNUN.
The endoplasm hits you but does no damage.
You barely miss the endoplasm. The endoplasm hits you. x2
You hit the endoplasm.
The endoplasm is moderately wounded.
The endoplasm closely misses you.
You hit the endoplasm.
The endoplasm is heavily wounded.
The endoplasm hits you. The endoplasm barely misses you.
You completely miss the endoplasm.
The endoplasm is heavily wounded.
The endoplasm freezes you.
You are frozen.
The endoplasm hits you but does no damage.
You are too injured to fight recklessly!
You are too injured to fight recklessly!
You are too injured to fight recklessly!
You are too injured to fight recklessly!
You are too injured to fight recklessly!
Casting: Kiss of Death (safe; 14% risk of failure)
Confirm with . or Enter, or press ? or * to list all spells.
Aiming: Kiss of Death (safe; 14% risk of failure)
Press: ? - help, Shift-Dir - straight line, f - endoplasm
Aim: an endoplasm (100% to hit)
The negative energy hits the endoplasm.
The endoplasm is drained!
You kill the endoplasm!
You feel drained. The endoplasm freezes you.
You are frozen.
Ouch! That really hurt!
You die...

#.P.....P..#
#.P..8..P..#
#.P.....P..#
##...PPP...##
#....PPP..##
#........##
#.......##
#...?...#
#...@...#
#...J...#
####......#
#......#
#......#
#......#
......(#
#....###


You could see an endoplasm.

Vanquished Creatures
  2 endoplasms (D:1)
  A giant cockroach (D:1)
  2 bats (D:1)
  3 rats (D:1)
8 creatures vanquished.

Notes
Turn   | Place    | Note
-------+----------+-------------------------------------------
     0 | D:1      | Bronimir the Gargoyle Reaver began the quest for the Orb.
     0 | D:1      | Reached XP level 1. HP: 12/12 MP: 3/3
   765 | D:1      | Found a faded altar of an unknown god.
  1042 | D:1      | Reached XP level 2. HP: 8/9 MP: 5/5
  1059 | D:1      | Frozen to death by an endoplasm

Illustrated notes

Levels and vault maps discovered:
D:1:      mainiacjoe_arrival_reflecting_pool, layout_basic,
          hellmonk_ecumenical_altar_defaced_shrine, hangedman_feature_mirror,
          dreamdust_mushroom_princess

Action                     || total
---------------------------++-------
  Melee: Mace              ||    15
   Cast: Kiss of Death     ||     5
 Armour: Leather armour    ||    10
  Dodge: Dodged            ||    19
